 Dungeon Crawl Stone Soup version 0.24.1-14-gf8d2b509d9 (webtiles) character file.

Game seed: 12862832247734803696, levelgen mode: deterministic

110 Hugehornet the Cudgeler (level 4, -2/39 HPs)
             Began as a Troll Wizard on May 22, 2020.
             Slain by Natasha (8 damage)
             ... on level 2 of the Dungeon on May 23, 2020.
             The game lasted 00:04:27 (1647 turns).

Hugehornet the Cudgeler (Troll Wizard)              Turns: 1647, Time: 00:04:28

Health: -2/39      AC:  6    Str: 15    XL:     4   Next: 61%
Magic:  6/6        EV:  9    Int: 12    God:
Gold:   148        SH:  0    Dex:  8    Spells: 6/7 levels left

rFire    x . .     SeeInvis .   (no weapon)
rCold    + . .     Gourm    +   (no shield)
rNeg     . . .     Faith    .   a - +0 robe
rPois    .         Spirit   .   b - +0 hat
rElec    .         Reflect  .   (no cloak)
rCorr    .         Harm     .   (gloves unavailable)
MR       .....                  (boots unavailable)
Stlth    +.........             (no amulet)
HPRegen  0.53/turn              g - -3 ring of intelligence (curse)
MPRegen  0.10/turn              i - ring of ice

@: no status effects
A: large, unfitting armour, claws 3, fast metabolism 3, gourmand, regeneration
1, shaggy fur 1, tough skin 3
a: no special abilities


You were on level 2 of the Dungeon.
You were full.

You visited 1 branch of the dungeon, and saw 2 of its levels.

You collected 148 gold pieces.

Inventory:

Hand Weapons
 f - a +0 club
Armour
 a - a +0 robe (worn)
 b - a +0 hat (worn)
Jewellery
 g - a cursed -3 ring of intelligence (left claw)
 i - a ring of ice (right claw)
Scrolls
 l - a scroll of teleportation
Potions
 c - 2 potions of heal wounds
 h - a potion of haste
 j - a potion of brilliance
 k - a potion of curing
Comestibles
 d - 6 rations


   Skills:
 + Level 3.6 Maces & Flails
 - Level 1.5 Dodging
 - Level 1.0 Stealth
 - Level 2.2 Spellcasting
 - Level 0.6 Conjurations
   Level 0.6 Summonings
   Level 0.6 Translocations


You had 6 spell levels left.
You knew the following spells:

 Your Spells              Type           Power        Failure   Level  Hunger
a - Magic Dart            Conj           #...         22%         1    ##.....

Your spell library contained the following spells:

 Spells                   Type           Power        Failure   Level  Hunger
 Blink                    Tloc           N/A          32%         2    ###....
 Call Imp                 Summ           #.......     32%         2    ###....
 Slow                     Hex            #.......     38%         2    ###....
 Conjure Flame            Conj/Fire      #.......     56%         3    ####...
 Mephitic Cloud           Conj/Pois/Air  #.......     58%         3    ####...


Dungeon Overview and Level Annotations

Branches:
Dungeon (2/15)

Altars:

Annotations:
D:2 Natasha


Innate Abilities, Weirdness & Mutations

You are too large for most types of armour.
You have claws for hands.
Your metabolism is lightning-fast.
You like to eat raw meat.
Your natural rate of healing is unusually fast.
You are covered in fur. (AC +1)
You have extremely tough skin. (AC +3)


Message History

You barely miss Natasha.
Natasha is lightly wounded.
Natasha closely misses you. The white imp gestures at you.
The puff of frost hits you!
* * * LOW HITPOINT WARNING * * *
You scratch Natasha.
Natasha is heavily wounded.
Natasha barely misses you. The crimson imp barely misses you.
The white imp barely misses you.
You feel more attuned to ice.
i - a ring of ice (right claw)
You completely miss Natasha.
Natasha is heavily wounded.
Natasha barely misses you. The crimson imp closely misses you.
The white imp barely misses you.
You scratch Natasha.
Natasha is severely wounded.
Natasha claws you!
You die...

# #.##.####..##.# #.#.# #.#.#...#
# #.##.# #...#.# #.#.###.#.#..##
# #.##.####..##.##..#............
###.##.##)..........#####......##
.......##.##.##.##..# ###.#.##
###.##..........#.#.# #.#.#
#.##.##.##..#..##.##.# #.#.#
###.##.##.##..).5##..... #.#.#
#..............5@h..# #.#.#
........>..#.....######## #.#.#
###.....................###.#.#
######.#..###.########......#.#
.......##.# #.................#
#########.# ###################
..........# ###########


You could see Natasha, a crimson imp and a white imp.

Vanquished Creatures
  Natasha (D:2)
  A gnoll (D:1)
  2 adders (D:2)
  4 worms (D:2)
  A dart slug (D:1)
  A leopard gecko (D:2)
  A ball python (D:2)
  5 bats
  4 giant cockroaches
  6 hobgoblins
  A frilled lizard (D:1)
  4 goblins
  5 kobolds
  11 rats
47 creatures vanquished.

Notes
Turn   | Place    | Note
-------+----------+-------------------------------------------
     0 | D:1      | Hugehornet the Troll Wizard began the quest for the Orb.
     0 | D:1      | Reached XP level 1. HP: 16/16 MP: 2/2
   210 | D:1      | Reached XP level 2. HP: 14/24 MP: 4/4
   211 | D:1      | Reached skill level 1 in Maces & Flails
   602 | D:1      | Reached skill level 2 in Maces & Flails
   602 | D:1      | Reached XP level 3. HP: 20/31 MP: 5/5
   731 | D:2      | Found a faded altar of an unknown god.
  1133 | D:2      | Reached skill level 3 in Maces & Flails
  1133 | D:2      | Reached XP level 4. HP: 32/39 MP: 6/6
  1469 | D:2      | Noticed Natasha
  1481 | D:2      | Killed Natasha
  1631 | D:2      | Noticed Natasha
  1647 | D:2      | Slain by Natasha

Levels and vault maps discovered:
D:1:      dpeg_arrival_short_road, layout_loops_ring
D:2:      layout_loops_ring, chequers_ecumenical_altar_simple_redux,
          uniq_natasha

Skill      XL: |  1  2  3 |
---------------+----------+-----
Maces & Flails | 2 3 |  3.6
Dodging        | |  1.5
Stealth        | |  1.0
Spellcasting   | |  2.2
Conjurations   | |  0.6
Summonings     | |  0.6
Translocations | |  0.6

Action                   |  1- 3 |  4- 6 || total
-------------------------+-------+-------++-------
Melee: Unarmed           |   137 |    52 ||   189
  Use: Scroll            |     4 |     1 ||     5
 Stab: Sleeping          |     1 |     1 ||     2
  Eat: Chunk             |    16 |     1 ||    17
Armor: Robe              |    56 |    11 ||    67
Dodge: Dodged            |    73 |    15 ||    88
